 Dungeon Crawl Stone Soup version 0.25-a0-571-gb5e01bddfa (console) character file.

Game seed: 2782117800215602587, levelgen mode: classic

875 Duffy the Magician (level 7, -1/41 HPs)
             Began as a Deep Elf Earth Elementalist on Feb 29, 2020.
             Slain by a centaur warrior skeleton (7 damage)
             ... on level 6 of the Dungeon.
             The game lasted 00:06:54 (3543 turns).

Duffy the Magician (Deep Elf Earth Elementalist)    Turns: 3543, Time: 00:06:55

Health: -1/41      AC:  2    Str:  5    XL:     7   Next: 74%
Magic:  3/18       EV: 14    Int: 22    God:
Gold:   120        SH:  0    Dex: 15    Spells: 9/18 levels left

rFire    . . .     SeeInvis .   d - 4 rations
rCold    . . .     Gourm    .   (no shield)
rNeg     . . .     Faith    .   c - +0 robe
rPois    .         Spirit   .   (no helmet)
rElec    .         Reflect  .   (no cloak)
rCorr    .         Harm     .   (no gloves)
MR       .....                  (no boots)
Stlth    ++........             b - amulet of rage
HPRegen  0.13/turn              (no ring)
MPRegen  0.16/turn              (no ring)

@: very slightly contaminated
A: no striking features
a: Evoke Berserk Rage


You were on level 6 of the Dungeon.
You were hungry.

You visited 1 branch of the dungeon, and saw 6 of its levels.
You also visited: Sewer.

You collected 190 gold pieces.
You spent 70 gold pieces at shops.

Inventory:

Armour
 c - a +0 robe (worn)
Jewellery
 b - an amulet of rage (around neck)
Scrolls
 e - a scroll of enchant weapon {unknown}
 f - 2 scrolls of identify
 h - a scroll of enchant armour {unknown}
 j - 5 scrolls of teleportation
 k - a scroll of immolation {unknown}
 n - 3 scrolls of fog {unknown}
 q - a scroll of random uselessness {unknown}
Potions
 a - 2 potions of curing {unknown}
 g - 2 potions of might {unknown}
 i - a potion of haste {unknown}
 l - 2 potions of invisibility {unknown}
 m - 3 potions of heal wounds {unknown}
 o - a potion of berserk rage {unknown}
 p - 2 potions of flight
 r - 3 potions of resistance {unknown}
 s - a potion of stabbing {unknown}
 t - a potion of ambrosia {unknown}
Comestibles
 d - 4 rations (in hand)


   Skills:
 * Level 3.0 Fighting
 + Level 4.1 Dodging
 - Level 2.4 Stealth
 - Level 6.0 Spellcasting
 - Level 4.7 Conjurations
   Level 1.1 Transmutations
 - Level 5.5 Earth Magic


You had 9 spell levels left.
You knew the following spells:

 Your Spells              Type           Power        Failure   Level  Hunger
h - Stone Arrow           Conj/Erth      ####..       3%          3    #......
j - Sandblast             Erth           ####..       1%          1    None
k - Lee's Rapid Deconstr  Erth           ####......   26%         5    #####..

Your spell library contained the following spells:

 Spells                   Type           Power        Failure   Level  Hunger
 Passwall                 Tmut/Erth      ###.....     3%          2    None
 Petrify                  Tmut/Erth      ###.....     24%         4    ###....


Dungeon Overview and Level Annotations

Branches:
Dungeon (6/15)              Sewer (visited)
 Temple: D:4-7

Altars:
Gozag
Ru

Shops:
D:5 :?(}(


Message History

The stone arrow hits the centaur warrior skeleton.
The centaur warrior skeleton is severely damaged.
The centaur warrior skeleton hits you.
Cast which spell? (? or * to list)
You don't have enough magic to cast that spell.
Cast which spell? (? or * to list)
You don't have enough magic to cast that spell.
Cast which spell? (? or * to list)
Aiming: Sandblast (safe; 1% risk of failure)
Press: ? - help, Shift-Dir - straight line, f/p - centaur warrior skeleton
Aim: a centaur warrior skeleton (severely damaged)
You don't have any stones to cast with.
Unknown command.
The centaur warrior skeleton hits you but does no damage.
The centaur warrior skeleton hits you. The centaur warrior skeleton hits you.
The centaur warrior skeleton hits you.
Okay, then.
The centaur warrior skeleton hits you!
You die...

######## ...........?..>
#..^...##......# #.###.#
#.....<##......# #.##..###
#......##......# ##.......#
#.....)##......####........#
#.......###(..###..........#
#..............##.##.........#
#.......(#.....##.##.......#.#
###.###.#.(....@Z..##.......#.#
#.....#####)##..............# #
#.#.### #..(.##.#....##..####
#.._..#...##.....#........###
###.#.#####...#..............
#.....#####.#.##.............
###.###.....#...............#
#.....###.%.#####...........#
#.....#...#.#####...........##


You could see a centaur warrior skeleton.

Vanquished Creatures
  Sigmund (D:5)
  Menkaure (D:6)
  An ogre (D:6)
  A centaur (D:5)
  2 scorpions
  A wight (D:6)
  A crimson imp (D:6)
  A centaur skeleton (D:4)
  A hound (D:4)
  A jelly (D:6)
  A bullfrog skeleton (D:6)
  An iguana (D:5)
  A worker ant (D:4)
  A worker ant zombie (D:5)
  An adder (D:5)
  A shadow imp (D:5)
  5 oozes
  4 worms
  7 leopard geckos
  An orc (D:5)
  12 bats
  5 giant cockroaches
  3 hobgoblins
  4 jackals (Sewer)
  2 kobolds
  A ball python (Sewer)
  A frilled lizard (Sewer)
  A quokka zombie (D:6)
  A rat (D:5)
64 creatures vanquished.

Notes
Turn   | Place    | Note
-------+----------+-------------------------------------------
     0 | D:1      | Duffy the Deep Elf Earth Elementalist began the quest for
                  | the Orb.
     0 | D:1      | Reached XP level 1. HP: 10/10 MP: 6/6
   140 | D:2      | Reached XP level 2. HP: 15/15 MP: 2/8
   429 | D:4      | Reached skill level 4 in Spellcasting
   429 | D:4      | Reached XP level 3. HP: 16/19 MP: 5/10
   632 | D:4      | Learned a level 3 spell: Stone Arrow
   699 | D:4      | Reached skill level 1 in Conjurations
   699 | D:4      | Reached XP level 4. HP: 18/24 MP: 7/12
   882 | D:5      | Entered Level 5 of the Dungeon
   882 | D:5      | Noticed a centaur
   885 | D:5      | Killed a centaur
   885 | D:5      | Reached skill level 5 in Spellcasting
   885 | D:5      | Reached XP level 5. HP: 16/28 MP: 10/14
   950 | D:5      | Found Vohibic's Book Boutique.
  1045 | D:5      | Found a sacrificial altar of Ru.
  1079 | D:5      | Found Gommothe's Magic Scroll Boutique.
  1080 | D:5      | Noticed Sigmund
  1087 | D:5      | Found Focreon's Weapon Emporium.
  1140 | D:5      | Reached skill level 5 in Earth Magic
  1140 | D:5      | Reached XP level 6. HP: 32/32 MP: 5/16
  1211 | D:5      | Found a glowing drain.
  1252 | Sewer    | Entered a sewer
  2595 | D:5      | Found Jeusifit's Gadget Shoppe.
  2620 | D:5      | Killed Sigmund
  2620 | D:5      | Reached skill level 6 in Spellcasting
  2841 | D:5      | Bought a scroll of teleportation for 42 gold pieces
  2841 | D:5      | Bought a scroll of identify for 28 gold pieces
  2874 | D:4      | Learned a level 5 spell: Lee's Rapid Deconstruction
  2944 | D:5      | Found Ydghe's Weapon Shop.
  3004 | D:6      | Found an opulent altar of Gozag.
  3036 | D:6      | Noticed Menkaure
  3052 | D:6      | Killed Menkaure
  3052 | D:6      | Reached skill level 1 in Fighting
  3052 | D:6      | Reached XP level 7. HP: 38/38 MP: 11/18
  3543 | D:6      | Slain by a centaur warrior skeleton

Levels and vault maps discovered:
D:1:      tarquinn_simple_flora_water_b, layout_basic, serial_forest,
          infiniplex_forest_clump_long, infiniplex_forest_lined_4_way,
          infiniplex_forest_clump_large, infiniplex_forest_side_room,
          infiniplex_forest_zigzag_1, infiniplex_forest_clump_tiny,
          infiniplex_forest_lined_room_2, infiniplex_forest_clump_small
D:2:      layout_loops_ring, led_sif_pool, uniq_natasha
D:3:      layout_rooms, first_ration, grunt_ministairs_7
D:4:      layout_basic, makhleb_blood_cavern_becter,
          kennysheep_opposing_triangles
D:5:      layout_loops_cross, nicolae_overflow_hidden_temple,
          cheibrodos_sewer_entry_drain, serial_shops, shop,
          kennysheep_little_box, nicolae_shop_crystal, shop_statue,
          shop_fountains, minmay_misc_feat_enclosed, uniq_sigmund
D:6:      layout_rooms, nicolae_gozag_cash_rules_everything_around_me,
          uniq_crazy_yiuf_cottage, uniq_pikel, uniq_menkaure, uniq_eustachio

Skill      XL: |  1  2  3  4  5  6  7 |
---------------+----------------------+-----
Spellcasting   | 4 5 6 |  6.0
Earth Magic    | 4 5 |  5.5
Conjurations   | 1 2 3 4 |  4.7
Fighting       | 1 3 |  3.0
Dodging        | 3 4 |  4.1
Stealth        | |  2.4
Transmutations | |  1.1

Action                   |  1- 3 |  4- 6 |  7- 9 || total
-------------------------+-------+-------+-------++-------
 Cast: Sandblast         |    22 |    11 |       ||    33
       Stone Arrow       |       |    57 |    21 ||    78
  Use: Potion            |       |     1 |       ||     1
  Eat: Chunk             |       |     5 |     1 ||     6
       Ration            |       |     1 |       ||     1
Armor: Robe              |     6 |    13 |     3 ||    22
Dodge: Dodged            |     5 |    59 |     7 ||    71

Table legend:
 A = Non-vault XP
 B = Vault XP
 C = Vault XP percentage of total XP
 D = Non-vault monster count
 E = Vault monster count
 F = Vault count percentage of total count
                 A         B        C        D         E       F
            +---------+---------+-------+---------+---------+-------
      Total |     794 |     457 |  36.5 |      35 |      29 |  45.3
            +---------+---------+-------+---------+---------+-------
        D:1 |      11 |       0 |   0.0 |       5 |       0 |   0.0
        D:2 |       7 |       0 |   0.0 |       4 |       0 |   0.0
        D:3 |      12 |       0 |   0.0 |       4 |       0 |   0.0
        D:4 |     121 |       0 |   0.0 |       6 |       0 |   0.0
        D:5 |     265 |     223 |  45.7 |       8 |       3 |  27.3
        D:6 |     378 |     157 |  29.3 |       8 |       1 |  11.1
      Sewer |       0 |      77 | 100.0 |       0 |      25 | 100.0
            +---------+---------+-------+---------+---------+-------
